AoeStats
← xSTR8xGASx

Golden Pit

509976924Analyzed
1v1 RM · 3d ago on Sep 28, 2026· 46m 6s· 2 players
Game mode
Random Map
Map size
Tiny (2 player)
Population
200
Speed
Normal
Resources
Standard
Victory
Conquest
Starting age
Dark Age
Ending age
Imperial Age
RankedLock teamsTeams togetherTeam positionsShared explorationLock speedFull tech treeHidden civsTurbo modeCheats
Victory
Defeat
🇺🇸 Georgians · United States
857
+17
🇲🇽 Aztecs · Mexico
884
-17
xSTR8xGASx
10:13 Feudal Age
10:50 Double-Bit Axe
13:56 Loom
15:09 Scale Barding Armor
24:15 Castle Age
22:27 Forging
22:29 Gold Mining
22:55 Stone Mining
23:21 Bloodlines
23:04 Horse Collar
25:15 Bow Saw
26:48 Wheelbarrow
27:57 Stone Shaft Mining
29:13 Fletching
32:09 Heavy Plow
32:06 Bodkin Arrow
32:11 Padded Archer Armor
32:14 Husbandry
33:47 Leather Archer Armor
35:48 Ballistics
36:25 Guard Tower
39:15 Imperial Age
37:56 Hand Cart
39:56 Bracer
39:22 Heavy Cavalry Archer
40:27 Conscription
42:21 Conscription
43:10 Chemistry
46:59 Parthian Tactics
cheezball97
2:48 Loom
10:55 Feudal Age
11:30 Man-at-Arms
14:36 Fletching
14:57 Forging
15:04 Town Watch
16:58 Wheelbarrow
22:05 Castle Age
21:43 Scale Mail Armor
23:01 Pikeman
23:43 Squires
23:29 Gambesons
24:58 Double-Bit Axe
26:44 Elite Skirmisher
28:09 Padded Archer Armor
30:14 Arson
35:31 Hand Cart
40:21 Imperial Age
38:14 Ballistics
37:37 Eagle Warrior
39:44 Iron Casting
39:04 Bodkin Arrow
38:50 Eagle Warrior
39:59 Bow Saw
42:15 Bracer
43:37 Conscription
Connection lost

Rejoining the realm…

Still unreachable

The connection could not be restored.

Session expired

The server has moved on; the page needs a fresh start.